 Dungeon Crawl Stone Soup version 0.32-a0-999-gfa1cc04b1d (webtiles) character file.

Game seed: 17938603777597650288

4047865 RBrandon the Unifier (level 27, 291/291 HPs)
             Began as a Troll Wanderer on Apr 25, 2024.
             Was a High Priest of Beogh.
             Escaped with the Orb
             ... and 5 runes
             ... and 1 gem!
             The game lasted 03:21:19 (52352 turns).

RBrandon the Unifier (Troll Wanderer)              Turns: 52352, Time: 03:21:19

Health: 291/291    AC: 16    Str: 30    XL:     27
Magic:  26/38      EV: 49    Int:  5    God:    Beogh [*****.]
Gold:   7159       SH:  0    Dex: 33    Spells: 26/26 levels left

rFire   + .          .
                       - Unarmed
rCold   + . .        (shield currently unavailable)
rNeg    . . .        U - melded +3 troll leather armour {Snorg}
rPois   ∞            W - melded +2 hat {Stlth+}
rElec   +            K - melded +2 cloak of the Prince of Darkness {Regen+ Int-5 Slay+5}
rCorr   .            (gloves unavailable)
SInv    .            (boots unavailable)
Will    ++...        j - amulet of the Cast Vote {Faith rC+ Dex+4}
Stlth   +            g - ring "Etegyfa" {rF+ Dex+5}
HPRegen 1.48/turn    F - +4 ring of protection
MPRegen 0.26/turn

%: clarity, faith
@: storm-form, flying, hasted, studying 3 skills, very quick
A: cleaving, insubstantial, flying, walk on water, large, unfitting armour,
(claws 3), regeneration 1, (shaggy fur 1), (tough skin 1), (hooves 1), agile 1,
clarity, deterioration 1, (fire resistance 1), strong 1, persistent drain
0: Orb of Zot
}: 5/15 runes: barnacled, slimy, silver, abyssal, gossamer
a: Blinkbolt, Begin Untransformation, Renounce Religion, Smiting, Recall
Apostles, Blood for Blood, Dismiss Warbeogh, priest, Dismiss Morun, warrior,
Dismiss Zartorak, warrior


You escaped.
You worshipped Beogh.
Beogh was extremely pleased with you.
You were a lightning-filled tempest!
You visited 10 branches of the dungeon, and saw 52 of its levels.
You visited the Abyss 1 time.
You visited 1 bazaar.
You also visited: Ossuary, Ice Cave and Volcano.

You collected 8477 gold pieces.
You spent 1318 gold pieces at shops.

Inventory:

Missiles
 T - 4 throwing nets
Armour
 i - a scarf of resistance
   (You found it on level 3 of the Spider Nest)
 w - a +2 cloak of poison resistance
   (You found it on level 3 of the Dungeon)
 K - the +2 cloak of the Prince of Darkness (melded) {Regen+ Int-5 Slay+5}
   (You found it on level 4 of the Vaults)

   Int-5:     It affects your intelligence (-5).
   Slay+5:    It affects your accuracy & damage with ranged weapons and melee
   (+5).
   Regen+:    It increases your rate of health regeneration.
 U - a +3 troll leather armour (melded) {Snorg}
 W - a +2 hat of stealth (melded)
   (You found it in an ice cave)
Jewellery
 g - the ring "Etegyfa" (left fist) {rF+ Dex+5}
   (You found it on level 13 of the Dungeon)

   [ring of protection from fire]

   Dex+5:     It affects your dexterity (+5).
   rF+:       It protects you from fire.
 j - the amulet of the Cast Vote (around neck) {Faith rC+ Dex+4}
   (You acquired it on level 1 of the Lair of Beasts)

   [amulet of faith]

   Faith:     It allows you to gain divine favour quickly.
   Dex+4:     It affects your dexterity (+4).
   rC+:       It protects you from cold.
 p - a ring of protection from fire
 y - a ring of resist corrosion
 F - a +4 ring of protection (right fist)
 Q - a ring of willpower
 Y - the ring of Ulofiung {rPois rF+ Slay+5}
   (You took it off an ironbound convoker on level 5 of the Vaults)

   [ring of protection from fire]

   Slay+5:    It affects your accuracy & damage with ranged weapons and melee
   (+5).
   rF+:       It protects you from fire.
   rPois:     It protects you from poison.
Talismans
 d - a storm talisman (active)
 M - a talisman of death
Wands
 b - a wand of polymorph (37)
 l - a wand of digging (11)
 L - a wand of mindburst (46)
 S - a wand of iceblast (30)
 X - a wand of charming (41)
Scrolls
 e - 15 scrolls of teleportation
 f - 10 scrolls of fog
 n - 5 scrolls of vulnerability
 t - 13 scrolls of amnesia
 u - 5 scrolls of revelation
 B - 5 scrolls of silence
 C - 13 scrolls of poison
 E - 4 scrolls of torment
 H - 7 scrolls of butterflies
 J - 8 scrolls of noise
 R - 9 scrolls of fear
 Z - 7 scrolls of blinking
Potions
 a - 5 potions of berserk rage
 m - 25 potions of curing
 o - 13 potions of enlightenment
 q - 3 potions of mutation
 r - 11 potions of heal wounds
 v - 16 potions of ambrosia
 x - 12 potions of lignification
 z - 10 potions of might
 A - 17 potions of brilliance
 D - 3 potions of invisibility
 I - 9 potions of attraction
 O - 5 potions of magic
 P - 2 potions of cancellation
Miscellaneous
 c - a lightning rod (4/4)
 h - a tin of tremorstones (2/2)
 s - a phial of floods


   Skills:
 + Level 19.9 Fighting
 - Level 2.4 Axes
 + Level 18.0 Dodging
 - Level 23.1 Unarmed Combat
 + Level 24.2 Invocations
 - Level 1.3 Evocations
 + Level 23.3 Shapeshifting


You had 26 spell levels left.
You didn't know any spells.
Your spell library contained the following spells:

 Spells                   Type           Power      Damage    Failure   Level
 Apportation              Tloc           0%         N/A       47%         1
 Foxfire                  Conj/Fire      0%         2x1d4     47%         1
 Freeze                   Ice            0%         1d3       47%         1
 Kiss of Death            Conj/Necr      0%         2d5       47%         1
 Magic Dart               Conj           0%         1d3       47%         1
 Necrotise                Necr           0%         1d4       47%         1
 Slow                     Hex            0%         N/A       47%         1
 Sting                    Conj/Alch      0%         1d3       47%         1
 Summon Small Mammal      Summ           0%         N/A       47%         1
 Call Imp                 Summ           0%         N/A       63%         2
 Ensorcelled Hibernation  Hex/Ice        0%         N/A       63%         2
 Mercury Vapours          Alch/Air       0%         N/A       63%         2
 Static Discharge         Conj/Air       0%         3-3/arc   63%         2
 Confusing Touch          Hex            0%         N/A       85%         3
 Dazzling Flash           Conj/Hex       0%         N/A       85%         3
 Frozen Ramparts          Ice            0%         1d1       85%         3
 Fugue of the Fallen      Necr           0%         N/A       85%         3
 Hailstorm                Conj/Ice       0%         3d5       85%         3
 Inner Flame              Hex/Fire       0%         N/A       85%         3
 Maxwell's Portable Pile  Tloc           0%         2d(5-13)  85%         3
 Mephitic Cloud           Conj/Alch/Air  0%         N/A       85%         3
 Ozocubu's Armour         Ice            0%         N/A       85%         3
 Passwall                 Erth           0%         N/A       85%         3
 Stone Arrow              Conj/Erth      0%         3d7       85%         3
 Summon Ice Beast         Ice/Summ       0%         N/A       85%         3
 Swiftness                Air            0%         N/A       85%         3
 Teleport Other           Tloc           0%         N/A       85%         3
 Tukima's Dance           Hex            0%         N/A       85%         3
 Vampiric Draining        Necr           0%         2d6       85%         3
 Volatile Blastmotes      Fire/Tloc      0%         2d10      85%         3
 Airstrike                Air            0%         2d(0-16)  99%         4
 Anguish                  Hex/Necr       0%         N/A       99%         4
 Animate Armour           Summ/Erth      0%         N/A       99%         4
 Animate Dead             Necr           0%         N/A       99%         4
 Brom's Barrelling Bould  Conj/Erth      0%         2d3       99%         4
 Dispel Undead            Necr           0%         3d6       99%         4
 Flame Wave               Conj/Fire      0%         2d4       99%         4
 Martyr's Knell           Necr/Summ      0%         N/A       99%         4
 Olgreb's Toxic Radiance  Alch           0%         N/A       99%         4
 Passage of Golubria      Tloc           0%         N/A       99%         4
 Sticky Flame             Fire/Alch      0%         2d4       99%         4
 Summon Lightning Spire   Summ/Air       0%         N/A       99%         4
 Vhi's Electric Charge    Tloc/Air       0%         N/A       99%         4
 Arcjolt                  Conj/Air       0%         1d10      100%        5
 Curse of Agony           Necr           0%         N/A       100%        5
 Fireball                 Conj/Fire      0%         3d3       100%        5
 Freezing Cloud           Conj/Ice/Air   0%         6-21      100%        5
 Iskenderun's Battlesphe  Conj           0%         2d6       100%        5
 Metabolic Englaciation   Hex/Ice        0%         N/A       100%        5
 Silence                  Hex/Air        0%         N/A       100%        5
 Yara's Violent Unravell  Hex/Alch       0%         3d3       100%        5
 Bombard                  Conj/Erth      0%         9d1       100%        6
 Conjure Ball Lightning   Conj/Air       0%         3x3d6     100%        6
 Death Channel            Necr           0%         N/A       100%        6
 Dispersal                Tloc           0%         N/A       100%        6
 Gell's Gavotte           Tloc           0%         2d(11-16) 100%        6
 Permafrost Eruption      Ice/Erth       0%         2x4d1     100%        6
 Plasma Beam              Fire/Air       0%         2x1d10    100%        6
 Sculpt Simulacrum        Ice/Alch       0%         N/A       100%        6
 Starburst                Conj/Fire      0%         6d3       100%        6
 Haunt                    Necr/Summ      0%         N/A       100%        7
 Magnavolt                Erth/Air       0%         3d9       100%        7
 Malign Gateway           Summ/Tloc      0%         N/A       100%        7
 Manifold Assault         Tloc           0%         N/A       100%        7
 Orb of Destruction       Conj           0%         9d5       100%        7
 Ozocubu's Refrigeration  Ice            0%         4d7       100%        7
 Rimeblight               Ice/Necr       0%         2d3       (prima100%   7
 Seismic Cannonade        Alch/Erth      0%         6d4       100%        7
 Spellforged Servitor     Conj/Summ      0%         N/A       100%        7
 Summon Hydra             Summ           0%         N/A       100%        7
 Borgnjor's Revivificati  Necr           0%         N/A       100%        8
 Discord                  Hex            0%         N/A       100%        8
 Disjunction              Tloc           0%         N/A       100%        8
 Lehudib's Crystal Spear  Conj/Erth      0%         10d2      100%        8
 Maxwell's Capacitive Co  Air            0%         ∞         100%        8
 Summon Horrible Things   Summ           0%         N/A       100%        8
 Death's Door             Necr           0%         N/A       100%        9
 Dragon's Call            Summ           0%         N/A       100%        9
 Fire Storm               Conj/Fire      0%         5d1       100%        9
 Polar Vortex             Ice            0%         N/A       100%        9
 Sublimation of Blood     Necr           Unusable   N/A       N/A         2

Dungeon Overview and Level Annotations

Branches:
Dungeon (15/15)            Temple (0/1) D:4            Lair (5/5) D:9
 Shoals (4/4) Lair:2       Spider (4/4) Lair:2        Slime (5/5) Lair:4
    Orc (2/2) D:11            Elf (0/3) Orc:2        Vaults (5/5) D:13
  Crypt (3/3) Vaults:3       Tomb (0/3) Crypt:3      Depths (4/4) D:15
    Zot (5/5) Depths:4    Ossuary (visited)           IceCv (visited)
Volcano (visited)

Altars:
Ashenzari
Cheibriados
Dithmenos
Elyvilon
Fedhas
Kikubaaqudgha
Nemelex Xobeh
Okawaru
Qazlal
Ru
Trog
Uskayaw
Vehumet
Wu Jian
Zin
The Shining One
Beogh
Jiyva

Shops:
D:11 !   D:12 ?   D:14 =   D:15 (   Orc:1 *[   Orc:2 :[:[!   Vaults:1 !
Vaults:2 [   Vaults:3 (

Portals:
Hell: Depths:2 Depths:3 Depths:4
Abyss: Depths:3 Depths:4
Pandemonium: Depths:2

Annotations:
Lair:5 3 runed translucent doors, Begoar's ghost, journeyman HuMo; Cotutel's ghost, adept VSEn; Hirch's ghost, journeyman GrEE
Shoals:1 2 runed translucent doors, Hiac's ghost, adept DEEE


Innate Abilities, Weirdness & Mutations

You are a lightning-filled tempest!
Your electrical attacks strike out in all directions at once.
You are incredibly evasive.
Your insubstantial body is immune to petrification, constriction, and being set on fire You are flying.
Your armour is entirely melded.
You are incapable of wielding weapons or throwing items.
You can walk on water.
Your facial features are unmistakably orcish.
You are too large for most types of armour.
You are immune to poison.
((You have claws for hands.))
Your natural rate of healing is unusually fast.
((You are covered in fur. (AC +1)))
((You have tough skin. (AC +1)))
((You have large cloven feet.))
You are agile. (Dex +4, Str/Int -1)
You possess an exceptional clarity of mind.
Your body sometimes deteriorates upon taking damage.
((Your flesh is heat resistant. (rF+)))
Your muscles are strong. (Str +4, Int/Dex -1)
Your health recovers twice as slowly from being drained.


Message History

A neqoxec comes into view.
A neqoxec is nearby!
You swap places.
You swap places.
Warbeogh mumbles some strange prayers to Beogh.
Your swamp worm disappears in a puff of smoke!
Warbeogh calls down the wrath of Beogh upon the neqoxec.
The neqoxec is smitten.
Your tarantella misses the neqoxec. The neqoxec gestures at you.
Strange energies course through your body.
You feel yourself wasting away.
You blast the neqoxec!!!
Lightning courses through the neqoxec!!
You kill the neqoxec!
Beogh accepts your kill.
No target in view!
What level of the Dungeon? (default 1 @ (x,y), ? - help)
You swap places.
There is a stone staircase leading up here.
You fly upwards.
Your summoned allies are left behind.
There is a stone staircase leading down here.
A small abomination comes into view.
Seobo comes into view.
You feel yourself speed up. Seobo gestures at you.
You easily resist.
Seobo gestures at you.
Press: ? - help, v - describe, . - travel
Here: Seobo The floor.
There is an open door here.
Things that are here:
a +0 dagger; a frilled lizard skeleton Seobo gestures at you.
The blast of poison engulfs the small abomination.
The small abomination completely resists.
There is a staircase leading out of the dungeon here.
You see here a +1 war axe.
Warbeogh is recalled.
You have escaped!

##.# #○°.........# ##.#
####°####......# ...#
##PP#&#PP##....## .#####
##P~~#.#..P##...# .....#
##P~~~#.#.PPP##..# .###.##
#P~~~~#x#...PP#..#
###.#.####P~~~~#.#....P##.#
...###...#######.########.#
###.#.##.+......vo.....+..#
##.###########.##########
#.# #PP...#.#~~~~P# #.#
#P.P..#.#~~~~P# #.#
##P..P#.#~~~P##
####.#######P.P#.#~~P###
.........>###PP#.#PP##.#
.###.###....####+####..# .#
#.##.#.#.###..# #..#


You could see Seobo, a small abomination and the friendly Warbeogh the orc
apostle.

Vanquished Creatures
  the Royal Jelly (Slime:5)
  7 dread liches
  Khufu (Crypt:2)
  5 orbs of fire
  3 ancient liches
  Boris (twice) (Vaults:1 Crypt:3)
  2 royal mummies (Crypt:2)
  A caustic shrike (Depths:3)
  A Killer Klown (Zot:5)
  Margery (Vaults:4)
  2 curse toes
  13 golden dragons
  The ghost of Katt the Executioner, an adept MiFi of the Shining One (Crypt:2)
  6 electric golems
  Norris (Vaults:1)
  A hellephant (Vaults:4)
  16 tentacled monstrosities
  2 pandemonium lords
  A walking crystal tome (Depths:4)
  Mlioglotl (Spider:1)
  20 Orb Guardians
  7 liches
  3 Hell Sentinels
  4 titans
  5 sphinxes
  5 quicksilver dragons
  8 acid blobs
  An ancient champion (Crypt:2)
  An Executioner (Depths:2)
  13 tentacled starspawn
  11 death cobs
  10 shadow dragons
  13 storm dragons
  Aizul (Shoals:1)
  7 azure jellies
  4 tengu reavers
  Donald (Shoals:3)
  A revenant (Crypt:1)
  5 frost giants
  3 protean progenitors
  12 fire giants
  A daeva (Abyss:1)
  2 draconian shifters
  2 draconian scorchers
  A draconian knight (Zot:1)
  8 emperor scorpions
  6 draconian monks
  8 rockslimes
  5 ghost moths
  The ghost of jasper the Severer, a journeyman MiBe of Trog (Orc:2)
  2 deep elf sorcerers (Vaults:5)
  An iron dragon (Depths:3)
  11 vault wardens
  A caustic shrike zombie (Crypt:3)
  An angel (Shoals:4)
  19 ironbound preservers
  3 curse skulls
  3 balrugs
  19 very ugly things
  A cacodemon (Abyss:1)
  5 reapers
  5 ghouls
  4 stone giants
  4 draconian stormcallers
  A spriggan defender (Depths:2)
  3 formless jellyfish
  3 starflowers (Abyss:4)
  3 ironbound thunderhulks
  15 quicksilver oozes
  3 vampire knights
  A deep elf demonologist (Vaults:5)
  4 green draconians
  8 black draconians
  8 deep elf death magi
  3 war gargoyles
  3 white draconians
  5 red draconians
  8 dire elephants
  12 spark wasps
  12 purple draconians
  An acid blob zombie (Crypt:2)
  5 yellow draconians
  12 eidola
  3 green deaths
  8 ettins
  A blizzard demon (Depths:2)
  3 merfolk javelineers (Shoals:4)
  5 merfolk impalers
  8 fire dragons
  6 entropy weavers
  A crystal guardian (Vaults:4)
  A deep elf high priest (Vaults:3)
  10 jiangshi
  A mummy priest (Crypt:3)
  Fannar (Lair:3)
  3 spriggan zombies
  7 yaktaur captains
  5 ice dragons
  A quicksilver dragon skeleton (Crypt:3)
  A rakshasa (Depths:4)
  33 vault guards
  4 peacekeepers (Vaults:4)
  2 great orbs of eyes
  3 hydras
  3 spriggan air magi
  2 jorogumos
  3 catoblepae (Lair:5)
  A fenstrider witch zombie (Crypt:1)
  5 death knights
  2 sphinx skeletons
  14 centaur warriors
  2 merfolk avatars (Shoals:3)
  2 satyrs
  An alligator snapping turtle (Shoals:3)
  A two-headed ogre (D:12)
  6 boulder beetles
  5 ironbound frosthearts
  A merfolk aquamancer (Shoals:4)
  7 demonic crawlers
  3 radroaches
  7 tengu warriors
  3 deep troll earth magi
  Urug (Lair:3)
  6 death yaks
  4 deep troll shamans
  4 orc high priests
  5 vampire magi
  A naga warrior (Abyss:1)
  7 thrashing horrors
  A titan zombie (Crypt:3)
  2 sun demons
  6 spriggan berserkers
  8 soul eaters
  20 skeletal warriors
  A storm dragon zombie (Depths:3)
  3 hell knights (Depths:2)
  2 sixfirhies
  8 wretched stars
  4 pharaoh ants
  4 iron trolls
  3 sea snakes
  4 skysharks
  A cherub (Shoals:4)
  A goliath frog (Crypt:2)
  A salamander mystic (Depths:3)
  A storm dragon skeleton (Depths:3)
  3 flayed ghosts
  6 steelbarb worms
  A glowing orange brain (Slime:4)
  A tengu zombie (Vaults:2)
  12 lindwurms
  A swamp dragon (shapeshifter) (Vaults:5)
  7 arcanists
  4 bog bodies (Crypt:2)
  29 deep trolls
  2 orange crystal statues
  A spriggan simulacrum (Crypt:2)
  A golden dragon skeleton (Depths:3)
  An anaconda skeleton (Crypt:3)
  3 obsidian bats (Abyss:1)
  34 starcursed masses
  A bunyip skeleton (Crypt:1)
  13 phantasmal warriors
  3 orb spiders
  17 necromancers
  7 orc knights
  18 ironbound convokers
  12 large abominations
  A harpy (shapeshifter) (D:13)
  25 wolf spiders
  A deep elf zephyrmancer (D:13)
  7 oklob plants
  20 ugly things
  A will-o-the-wisp (Abyss:4)
  2 stone giant zombies
  3 orc sorcerers
  A shining eye (Slime:5)
  8 cyclopes
  11 manticores
  2 salamanders (Depths:3)
  A faun (shapeshifter) (Crypt:2)
  A salamander (shapeshifter) (Vaults:5)
  11 fauns
  A worldbinder (Abyss:1)
  72 slime creatures
  6 water nymphs
  2 meliai (D:12)
  26 moths of wrath
  3 merfolk sirens
  4 apocalypse crabs
  A rust devil (Abyss:1)
  An iron dragon skeleton (Abyss:1)
  A centaur zombie (Crypt:1)
  2 guardian serpents (Abyss:1)
  Joseph (D:7)
  11 vault sentinels
  3 eyes of devastation
  6 elephants
  2 black mambas
  3 centaur skeletons (Crypt:3)
  2 kobold blastminers (Orc:2)
  A naga mage (Abyss:1)
  A stone giant skeleton (Crypt:1)
  8 cane toads
  Jeremiah (D:9)
  4 smoke demons
  2 storm dragon simulacra
  9 freezing wraiths
  4 torpor snails
  3 hellions
  2 alligator snapping turtle skeletons (Crypt:3)
  A dire elephant skeleton (Crypt:1)
  9 komodo dragons
  2 unseen horrors
  An anaconda simulacrum (Crypt:1)
  5 tengu conjurers
  2 ice devils
  2 efreet
  14 yaktaurs
  6 ancient zymes
  A hydra skeleton (Crypt:3)
  2 red devils
  A queen bee (shapeshifter) (D:13)
  3 trolls
  7 merfolk
  A harpy zombie (Crypt:2)
  3 hornets
  A hornet (shapeshifter) (D:13)
  A wind drake (Shoals:1)
  4 harpy skeletons
  A polar bear (Lair:5)
  14 hellwings
  A merfolk (shapeshifter) (Abyss:1)
  15 tarantellas
  2 glass eyes
  26 jumping spiders
  A glass eye (shapeshifter) (Vaults:5)
  Prince Ribbit (D:6)
  4 raiju (Abyss:1)
  8 blink frogs
  6 snapping turtles
  A merfolk zombie (Crypt:1)
  A fire giant simulacrum (Vaults:2)
  A stone giant simulacrum (Crypt:1)
  An ettin zombie (Crypt:1)
  2 spriggans
  Sigmund (D:2)
  A centaur simulacrum (D:15)
  A black mamba zombie (Crypt:1)
  13 culicivoras
  3 water elementals
  6 wraiths
  43 yaks
  3 vampires
  2 ettin skeletons
  3 wyverns
  A human (shapeshifter) (Vaults:5)
  3 basilisks
  8 golden eyes
  5 vampire mosquitoes
  4 neqoxecs
  5 steam dragons
  A golden eye (shapeshifter) (D:13)
  56 redbacks
  A redback (shapeshifter) (Vaults:5)
  2 wargs
  2 naga zombies
  4 chaos spawn
  3 great orb of eyes simulacra (IceCv)
  10 water moccasins
  A swamp worm (Lair:4)
  A deep troll zombie (Crypt:2)
  2 hell hounds (Volcano)
  A water nymph skeleton (Crypt:2)
  A hornet zombie (Crypt:2)
  An ice beast (D:6)
  2 naga skeletons (Crypt:3)
  3 sky beasts
  11 orc warriors
  2 black bears (D:5)
  7 laughing skulls
  8 wolves
  2 boggarts (Vaults:1)
  10 small abominations
  5 centaurs
  4 ogres
  4 slime creature simulacra (IceCv)
  3 phantoms
  A fire crab zombie (Crypt:2)
  A weeping skull (Abyss:1)
  4 kobold brigands
  A vine stalker zombie (Crypt:2)
  12 bullfrogs
  A komodo dragon skeleton (Crypt:1)
  A brain worm (shapeshifter) (D:14)
  An earth elemental (Abyss:4)
  7 scorpions
  3 glowing shapeshifter simulacra
  8 wyvern skeletons (Crypt:3)
  12 wights
  24 killer bees
  A shapeshifter skeleton (Crypt:2)
  An electric eel (Spider:4)
  4 crimson imps (D:13)
  A bombardier beetle (D:5)
  2 quasits
  4 hounds
  7 orc priests
  3 iron imps (Abyss:1)
  3 hell rats (Lair:5)
  10 orc wizards
  8 iguanas
  A boggart skeleton (Crypt:1)
  A brain worm zombie (Crypt:1)
  12 mummies
  3 gnolls (D:5)
  A steam dragon zombie (Crypt:1)
  3 adders
  8 white imps
  7 ufetubi
  A dart slug (D:3)
  2 ribbon worms
  30 orcs
  4 bats
  4 endoplasms
  8 giant cockroaches
  A gnoll zombie (Ossuary)
  2 hobgoblins
  A jackal (D:10)
  22 kobolds
  4 quokkas
  2 ball pythons (D:1)
  2 frilled lizards
  7 goblins
  A hobgoblin zombie (Ossuary)
  A kobold skeleton (Crypt:2)
  2 kobold zombies (Ossuary)
  4 orc zombies (Ossuary)
  2 rats
  An aspiring flesh (Zot:1)
  8 starspawn tentacles
1818 creatures vanquished.

Vanquished Creatures (collateral kills)
  Frederick (Vaults:4)
  3 ancient liches
  Mennas (Crypt:1)
  2 juggernauts
  Boris (Depths:2)
  2 Killer Klowns
  Arachne (Spider:2)
  2 electric golems
  A tentacled monstrosity (Vaults:5)
  8 Orb Guardians
  Jorgrun (Orc:1)
  A titan (Vaults:5)
  A quicksilver dragon (Depths:2)
  2 liches (Depths:4)
  9 acid blobs (Slime:5)
  2 sphinxes
  5 death cobs
  2 ancient champions (Crypt:1)
  5 tentacled starspawn
  The ghost of Omaquv the Brawler, an adept DrSh of Jiyva (Spider:3)
  Frances (D:12)
  A shadow dragon (Zot:2)
  3 azure jellies
  5 rockslimes
  A revenant (Crypt:2)
  2 storm dragons
  A tengu reaver (Vaults:5)
  A protean progenitor (Zot:2)
  A draconian knight (Depths:4)
  2 fire giants
  8 vault wardens
  2 draconian shifters
  6 emperor scorpions
  4 frost giants
  A caustic shrike zombie (Crypt:3)
  4 ghost moths
  2 orc warlords (Vaults:4)
  3 ironbound preservers
  7 quicksilver oozes
  A reaper (Crypt:3)
  5 very ugly things
  3 ironbound thunderhulks
  4 stone giants
  A caustic shrike skeleton (Abyss:4)
  2 vampire knights
  A green draconian (Zot:2)
  A lorocyproca (Abyss:4)
  2 dire elephants
  A black draconian (Zot:3)
  A white draconian (Zot:5)
  4 purple draconians
  A yellow draconian (Zot:5)
  A spark wasp (Spider:3)
  2 eidola (Crypt:2)
  7 ettins
  Snorg (D:10)
  A merfolk javelineer (Shoals:4)
  2 jiangshi (Abyss:4)
  5 yaktaur captains
  7 merfolk impalers (Shoals:4)
  3 fire dragons
  3 great orbs of eyes
  Harold (D:10)
  10 vault guards
  A rakshasa (Abyss:4)
  2 spriggan zombies (Crypt:3)
  A hydra (D:14)
  2 spriggan air magi (Depths:4)
  5 ice dragons
  2 spriggan skeletons
  2 ironbound frosthearts
  A centaur warrior (D:14)
  A radroach (Spider:3)
  4 deep troll shamans
  6 merfolk aquamancers (Shoals:4)
  9 boulder beetles
  A satyr (Depths:3)
  3 deep troll earth magi (Depths:2)
  2 death knights
  9 death yaks
  2 two-headed ogres
  A spriggan berserker (Depths:3)
  2 tengu warriors
  4 thrashing horrors (Abyss:4)
  3 hell knights
  An occultist (Depths:2)
  3 demonic crawlers
  2 vampire magi
  3 soul eaters
  Sonja (Lair:2)
  2 iron trolls
  3 pharaoh ants
  A wretched star (Abyss:1)
  A titan skeleton (Depths:3)
  A shadow wraith (Crypt:2)
  8 skeletal warriors
  17 deep trolls
  2 cherubim (Shoals:4)
  2 skysharks
  A shadow demon (D:2)
  2 sea snakes
  A skyshark (shapeshifter) (Depths:2)
  2 storm dragon skeletons (D:15)
  A tengu zombie (Depths:3)
  A bunyip zombie (Crypt:3)
  2 glowing orange brains
  An anaconda zombie (Crypt:3)
  10 orb spiders
  4 phantasmal warriors
  5 ironbound convokers
  A steelbarb worm (Spider:3)
  7 orc knights
  5 lindwurms
  An anaconda skeleton (Crypt:1)
  7 necromancers
  A will-o-the-wisp (Abyss:4)
  3 fauns
  11 wolf spiders
  2 worldbinders (Abyss:4)
  A deep elf pyromancer (D:14)
  2 oklob plants
  5 shining eyes
  An orc sorcerer (Abyss:4)
  11 ugly things
  6 manticores
  8 large abominations
  3 moths of wrath
  3 cyclopes
  2 merfolk sirens
  A shining eye (shapeshifter) (Vaults:5)
  2 centaur zombies
  3 black mambas
  A dire elephant zombie (Crypt:1)
  2 elephants (Lair:5)
  A kobold blastminer (Orc:2)
  A meliai (shapeshifter) (D:14)
  An apocalypse crab (Abyss:4)
  11 vault sentinels
  An eye of devastation (Slime:5)
  7 cane toads
  An orange demon (Abyss:1)
  A rime drake (Lair:4)
  2 komodo dragons (Lair:3)
  2 efreet
  A freezing wraith (Spider:2)
  5 yaktaurs
  A hellion (Abyss:4)
  2 tengu conjurers
  A harpy zombie (Abyss:4)
  10 starcursed masses
  A red devil (Zot:5)
  A queen bee (D:12)
  2 ice devils
  A merfolk (shapeshifter) (Vaults:5)
  A guardian mummy (Crypt:3)
  2 ancient zymes (Abyss:4)
  A wind drake (Shoals:3)
  A hornet (Depths:4)
  2 merfolk
  6 hellwings
  21 jumping spiders
  15 tarantellas
  A harpy skeleton (Crypt:2)
  A radroach zombie (Crypt:2)
  A tyrant leech (Lair:4)
  A raiju (Abyss:1)
  10 blink frogs
  A snapping turtle (shapeshifter) (Depths:2)
  5 snapping turtles
  2 glass eyes (Depths:4)
  45 slime creatures
  2 culicivoras
  3 ynoxinuls
  A vampire (D:14)
  A spriggan (Depths:4)
  7 wraiths
  4 basilisks
  2 wyverns
  22 yaks
  A hog (shapeshifter) (D:14)
  3 steam dragons (Volcano)
  A golden eye (Slime:5)
  4 neqoxecs
  27 redbacks
  A vampire mosquito (D:14)
  2 swamp worms (Lair:4)
  A two-headed ogre zombie (Crypt:1)
  2 small abominations
  A great orb of eyes simulacrum (IceCv)
  3 hell hounds (Volcano)
  2 naga zombies (Crypt:3)
  4 water moccasins
  8 orc warriors
  10 laughing skulls
  2 ogres
  6 wolves
  2 boggarts
  3 centaurs (D:13)
  An elephant skeleton (Crypt:1)
  4 bullfrogs
  A scorpion (Lair:2)
  2 wyvern skeletons (Crypt:3)
  2 glowing shapeshifter simulacra (IceCv)
  A naga simulacrum (Abyss:4)
  3 wights (D:9)
  7 killer bees
  A quasit (Abyss:4)
  3 orc priests
  5 hell rats
  4 orc wizards
  3 white imps
  A ribbon worm (Lair:2)
  4 orcs
  A spectral weapon (Zot:5)
  4 starspawn tentacles
746 creatures vanquished.

Vanquished Creatures (others)
  An ironbound preserver (Vaults:1)
  9 orc warlords
  A spriggan berserker (Depths:3)
  8 orc high priests
  A titan zombie (Depths:3)
  2 iron trolls (Shoals:1)
  30 orc apostles
  16 orc knights
  An orc sorcerer (Orc:2)
  A meliai (D:12)
  A kobold blastminer (Orc:2)
  2 tarantellas
  2 water elementals (Depths:3)
  A redback (Spider:2)
  9 orc warriors
  2 small abominations (Abyss:4)
  11 orc priests
  5 orc wizards
  16 orcs
  2 foxfires (Abyss:4)
  8 spectral weapons
  27 starspawn tentacles
156 creatures vanquished.

Grand Total: 2720 creatures vanquished

Notes
Turn   | Place    | Note
-------+----------+-------------------------------------------
     0 | D:1      | RBrandon the Troll Wanderer began the quest for the Orb.
     0 | D:1      | RBrandon set off with the following items: a +1 war axe, a
                  | wand of polymorph (6), a potion of haste, a +0 robe.
     0 | D:1      | Reached XP level 1. HP: 22/22 MP: 0/0
   101 | D:1      | Reached skill level 1 in Unarmed Combat
   174 | D:1      | Reached XP level 2. HP: 26/29 MP: 1/1
   753 | D:2      | Identified the +4 whip of the Hero {flame, rElec}
   832 | D:2      | Noticed Sigmund
   926 | D:3      | Reached XP level 3. HP: 28/36 MP: 2/2
   996 | D:3      | Found a faded altar of an unknown god.
  1153 | D:3      | Reached XP level 4. HP: 44/44 MP: 3/3
  1331 | D:3      | Became a worshipper of Beogh the Shepherd
  1521 | D:3      | Found a runed translucent door.
  1522 | D:3      | Noticed Crazy Yiuf
  1528 | D:3      | Crazy Yiuf changed into Crazy Yiuf the iguana
  1528 | D:3      | Noticed Crazy Yiuf
  1543 | D:3      | Killed Crazy Yiuf the iguana
  1655 | D:3      | Reached XP level 5. HP: 53/53 MP: 4/4
  1794 | D:4      | Found a sand-covered staircase.
  1803 | Ossuary  | Entered an ossuary
  1916 | Ossuary  | Reached * piety under Beogh
  2056 | D:4      | Reached XP level 6. HP: 61/61 MP: 5/5
  2103 | D:4      | Reached skill level 5 in Unarmed Combat
  2108 | D:4      | Found a shadowy altar of Dithmenos.
  2219 | D:4      | Found a staircase to the Ecumenical Temple.
  2593 | D:5      | Entered Level 5 of the Dungeon
  2725 | D:5      | Reached XP level 7. HP: 70/70 MP: 6/6
  3234 | D:5      | Reached ** piety under Beogh
  3570 | D:6      | Noticed Prince Ribbit
  3585 | D:5      | Reached skill level 1 in Invocations
  3626 | D:6      | Reached XP level 8. HP: 79/79 MP: 7/7
  3649 | D:6      | Reached skill level 2 in Invocations
  3781 | D:6      | Reached skill level 3 in Invocations
  3979 | D:6      | Reached skill level 4 in Invocations
  4268 | D:7      | Reached skill level 5 in Invocations
  4427 | D:7      | Reached skill level 6 in Invocations
  4611 | D:7      | Reached XP level 9. HP: 87/87 MP: 11/13
  4664 | D:7      | Reached skill level 7 in Invocations
  4769 | D:7      | Reached skill level 5 in Fighting
  4975 | D:7      | Noticed Joseph
  4984 | D:7      | Killed Joseph
  5232 | D:8      | Found an ancient bone altar of Kikubaaqudgha.
  5390 | D:8      | Found a white marble altar of Elyvilon.
  5392 | D:8      | Found a blossoming altar of Fedhas.
  5392 | D:8      | Found a stormy altar of Qazlal.
  5417 | D:8      | Found an ornate altar of the Wu Jian Council.
  5965 | D:9      | Noticed Jeremiah
  5970 | D:9      | Noticed a komodo dragon
  5972 | D:9      | Reached skill level 10 in Unarmed Combat
  5972 | D:9      | Reached XP level 10. HP: 94/100 MP: 14/14
  5982 | D:9      | Killed Jeremiah
  5982 | D:9      | Reached *** piety under Beogh
  6072 | D:9      | Identified the +6 halberd of Honour {pain, rC+ Str+2}
  6072 | D:9      | Noticed Gorg
  6092 | D:9      | Anointed Gorg the priest as your apostle
  6126 | D:9      | Found a staircase to the Lair.
  6151 | D:9      | Noticed a two-headed ogre
  6156 | D:9      | Killed a two-headed ogre
  6522 | Lair:1   | Entered Level 1 of the Lair of Beasts
  6535 | Lair:1   | Noticed an elephant
  6542 | Lair:1   | Reached XP level 11. HP: 59/109 MP: 15/15
  6688 | Lair:1   | Reached **** piety under Beogh
  6774 | Lair:1   | Noticed Zartorak
  6787 | Lair:1   | Anointed Zartorak the priest as your apostle
  6795 | Lair:1   | Your ally Gorg died
  6907 | Lair:1   | Reached skill level 5 in Dodging
  7144 | Lair:1   | Noticed an oklob plant
  7157 | Lair:1   | Killed an oklob plant
  7565 | Lair:1   | Identified 2 scrolls of acquirement
  7565 | Lair:1   | Acquired the amulet of the Cast Vote {Faith rC+ Dex+4}
  7577 | Lair:1   | Acquired a manual of Unarmed Combat
  7684 | Lair:2   | Found a hole to the Spider Nest.
  7706 | Lair:2   | Identified the +10 long sword "Nietrid" {spect, rPois rC+
                  | rN+ Dex-2}
  7706 | Lair:2   | Noticed Bogwald
  7721 | Lair:2   | Anointed Bogwald the warrior as your apostle
  7775 | Lair:2   | Noticed Sonja
  7792 | Lair:2   | Killed Sonja
  7793 | Lair:2   | Reached XP level 12. HP: 122/122 MP: 16/16
  7920 | Lair:2   | Noticed a death yak
  7920 | Lair:2   | Noticed a death yak
  7922 | Lair:2   | Noticed a death yak
  7923 | Lair:2   | Noticed a death yak
  7925 | Lair:2   | Killed a death yak
  7929 | Lair:2   | Killed a death yak
  7930 | Lair:2   | Killed a death yak
  7933 | Lair:2   | Killed a death yak
  7958 | Lair:2   | Found a staircase to the Shoals.
  8284 | Lair:2   | Reached ***** piety under Beogh
  8303 | Lair:2   | Found a blossoming altar of Fedhas.
  8620 | Lair:3   | Noticed Urug
  8624 | Lair:3   | Killed Urug
  8625 | Lair:3   | Reached skill level 15 in Unarmed Combat
  8708 | Lair:3   | Reached skill level 8 in Invocations
  8834 | Lair:3   | Noticed a fire dragon
  8841 | Lair:3   | Killed a fire dragon
  9007 | Lair:3   | Noticed Fannar
  9018 | Lair:3   | Killed Fannar
  9185 | Lair:4   | Noticed a demonic crawler
  9232 | Lair:4   | Reached XP level 13. HP: 104/131 MP: 18/18
  9251 | Lair:4   | Found a viscous altar of Jiyva.
  9251 | Lair:4   | Found a staircase to the Slime Pits.
  9303 | Lair:4   | Found a dark tunnel.
  9337 | Volcano  | Entered a volcano
  9462 | Volcano  | Noticed a fire dragon
  9472 | Volcano  | Killed a fire dragon
  9656 | Lair:4   | Identified the +6 dagger "Embalmer" {freeze, Int+4}
  9656 | Lair:4   | Identified the +0 robe of the Sailor {rPois Str+4 Int-2}
  9656 | Lair:4   | Noticed Simorc Magus
  9667 | Lair:4   | Your ally Gorg died
  9678 | Lair:4   | You fall into a shaft and drop 1 floor!
  9678 | Lair:5   | Entered Level 5 of the Lair of Beasts
  9874 | Lair:5   | Got an earthy gem with 831 turns to spare
  9989 | Lair:5   | Reached skill level 10 in Fighting
 10040 | Lair:5   | Reached ****** piety under Beogh
 10041 | Lair:5   | Reached skill level 9 in Invocations
 10108 | Lair:4   | Killed Simorc Magus the orc apostle
 10664 | Lair:5   | Reached XP level 14. HP: 115/143 MP: 6/19
 10904 | Lair:5   | Found a runed translucent gate.
 10904 | Lair:5   | Found a runed translucent gate.
 10904 | Lair:5   | Found a runed translucent gate.
 10941 | Lair:5   | Reached skill level 10 in Dodging
 10966 | Lair:5   | Anointed Bogrim the priest as your apostle
 11278 | Lair:5   | Noticed Begoar's ghost (journeyman HuMo)
 11278 | Lair:5   | Noticed Hirch's ghost (journeyman GrEE)
 11278 | Lair:5   | Noticed Cotutel's ghost (adept VSEn)
 11883 | D:10     | Entered Level 10 of the Dungeon
 11907 | D:10     | Noticed Harold
 11915 | D:10     | Killed Harold
 12053 | D:10     | Noticed Snorg
 12066 | D:10     | Killed Snorg
 12207 | D:10     | Found a broken altar of Ashenzari.
 12211 | D:10     | Saw a vision of the Shoals and the Spider Nest.
 12299 | D:10     | Found a sacrificial altar of Ru.
 12421 | D:10     | Found a snail-covered altar of Cheibriados.
 12423 | D:10     | Found an iron altar of Okawaru.
 12425 | D:10     | Found a bloodstained altar of Trog.
 12538 | D:10     | Found a sparkling altar of Nemelex Xobeh.
 12655 | D:11     | Got the Elucidation of Anarchy
 12752 | D:11     | Found a staircase to the Orcish Mines.
 12757 | Orc:1    | Entered Level 1 of the Orcish Mines
 12757 | Orc:1    | Noticed Jorgrun
 12765 | Orc:1    | Killed Jorgrun
 12817 | Orc:1    | Found Qetysaa's Gadget Gallery.
 12938 | Orc:1    | Found Faraechi's Antique Armour Boutique.
 13116 | Orc:2    | Entered Level 2 of the Orcish Mines
 13149 | Orc:2    | Found a staircase to the Elven Halls.
 13234 | Orc:2    | Noticed an orc warlord
 13245 | Orc:2    | Pacified an orc warlord
 13294 | Orc:2    | Found a bloodstained altar of Trog.
 13295 | Orc:2    | Noticed an orc warlord
 13305 | Orc:2    | Pacified an orc warlord
 13410 | Orc:2    | Found a runed translucent door.
 13410 | Orc:2    | Noticed jasper's ghost (journeyman MiBe)
 13504 | Orc:2    | Found Xuyd's Book Shop.
 13557 | Orc:2    | Reached skill level 10 in Invocations
 13647 | Orc:2    | Found Lelifoal's Antique Armour Boutique.
 13647 | Orc:2    | Found Xobehaops's Distillery.
 13649 | Orc:2    | Found Nujiatz's Antique Armour Boutique.
 13649 | Orc:2    | Found Roomopt's Book Emporium.
 13946 | Orc:2    | Killed jasper's ghost
 14156 | D:11     | Found Basomnuo's Distillery.
 14807 | D:12     | Noticed Frances
 14814 | D:12     | Killed Frances
 15245 | D:12     | Anointed Ugrim the wizard as your apostle
 15343 | D:12     | Found Gaujilet's Magic Scroll Boutique.
 15350 | D:12     | Bought a scroll of blinking for 105 gold pieces
 15350 | D:12     | Bought a scroll of blinking for 105 gold pieces
 15552 | D:13     | Reached XP level 15. HP: 78/153 MP: 11/21
 15563 | D:13     | Your ally Gorg died
 15702 | D:13     | Identified the ring "Etegyfa" {rF+ Dex+5}
 16095 | D:13     | Your ally Gorg died
 16141 | D:13     | Found a gate to the Vaults.
 16168 | D:13     | Reached skill level 5 in Shapeshifting
 16964 | D:14     | Reached XP level 16. HP: 162/162 MP: 22/22
 17125 | D:14     | Noticed a tengu reaver
 17132 | D:14     | Killed a tengu reaver
 17172 | D:14     | Reached skill level 10 in Shapeshifting
 17470 | D:14     | Found Naotiux's Jewellery Emporium.
 17793 | D:15     | Entered Level 15 of the Dungeon
 17887 | D:15     | Identified the +4 great sword of the Queen {freeze, ^Drain
                  | MP+9 Dex+6}
 17900 | D:15     | Anointed Dorog the warrior as your apostle
 18007 | D:15     | Found Sumyj's Weapon Shoppe.
 18077 | D:15     | Identified the +0 short sword of Onwun {vamp, +Blink Int+2
                  | Dex-5}
 18120 | D:15     | Found a staircase to the Depths.
 18130 | D:15     | Reached XP level 17. HP: 64/170 MP: 23/23
 18759 | Spider:1 | Entered Level 1 of the Spider Nest
 18893 | Spider:1 | You fall into a shaft and drop 1 floor!
 19016 | Spider:2 | Found a glacial archway.
 19039 | IceCv    | Entered an ice cave
 19614 | IceCv    | Found a viscous altar of Jiyva.
 19642 | IceCv    | Got the Teachings on the Wendigo
 19854 | Spider:2 | Noticed Arachne
 19869 | Spider:2 | Your ally Dorog died
 19874 | Spider:2 | Killed Arachne
 20281 | Spider:2 | Identified the +4 hand axe of Melee {flame, rF+ Str+4
                  | Dex+3}
 20293 | Spider:2 | Anointed Wargrak the priest as your apostle
 20460 | Spider:2 | Reached skill level 15 in Shapeshifting
 21029 | Spider:1 | Noticed Mlioglotl
 21038 | Spider:1 | Killed Mlioglotl
 21436 | Spider:3 | Reached XP level 18. HP: 114/179 MP: 24/24
 21556 | Spider:3 | Found a transporter.
 21573 | Spider:3 | Found a transporter.
 21580 | Spider:3 | Noticed Omaquv's ghost (adept DrSh)
 22590 | Spider:3 | Anointed Milork the warrior as your apostle
 22699 | Spider:3 | Killed Omaquv's ghost
 22722 | Spider:3 | Identified the amulet of Spite {Faith Harm Str+3}
 22918 | Spider:4 | Entered Level 4 of the Spider Nest
 23677 | Spider:4 | Your ally Milork died
 23707 | Spider:4 | Your ally Dorog died
 23783 | Spider:4 | Got a gossamer rune of Zot
 24181 | Shoals:1 | Entered Level 1 of the Shoals
 24187 | Shoals:1 | Reached skill level 11 in Invocations
 24380 | Shoals:1 | Identified the serpent talisman of Yredelemnul's Grace
                  | {+Blink Will+ Dex-5 SInv}
 24380 | Shoals:1 | Noticed Aizul
 24381 | Shoals:1 | Reached XP level 19. HP: 157/187 MP: 26/26
 24388 | Shoals:1 | Killed Aizul
 24391 | Shoals:1 | Found a large runed translucent door.
 24391 | Shoals:1 | Found a large runed translucent door.
 24416 | Shoals:1 | Was placed under penance by Beogh
 24416 | Shoals:1 | Fled from a divine trial
 24750 | Shoals:1 | Noticed Hiac's ghost (adept DEEE)
 24750 | Shoals:1 | Found the +8 mithril axe "Arga" {speed, Will+}
 25382 | Shoals:2 | Found a sacrificial altar of Ru.
 25493 | Shoals:3 | Reached skill level 12 in Invocations
 25598 | Shoals:3 | Was forgiven by Beogh
 25660 | Shoals:3 | Acquired 474 gold pieces
 25906 | Shoals:3 | Noticed Donald
 25918 | Shoals:3 | Killed Donald
 26330 | Shoals:4 | Entered Level 4 of the Shoals
 26354 | Shoals:4 | Reached skill level 13 in Invocations
 26376 | Shoals:4 | Found a glowing silver altar of Zin.
 26609 | Shoals:4 | Found a glowing golden altar of the Shining One.
 26763 | Shoals:4 | Reached skill level 14 in Invocations
 26833 | Shoals:4 | Got a barnacled rune of Zot
 27174 | Vaults:1 | Entered Level 1 of the Vaults
 27471 | Vaults:1 | Reached skill level 15 in Invocations
 27478 | Vaults:1 | Identified the +4 robe of Qarrupn {Dex+3 Archmagi}
 27478 | Vaults:1 | Noticed Boris
 27810 | Vaults:1 | Your ally Dorog died
 27816 | Vaults:1 | Killed Boris
 27915 | Vaults:1 | Found Pyiriciumn's Distillery.
 27920 | Vaults:1 | Bought a potion of heal wounds for 70 gold pieces
 28089 | Vaults:1 | Noticed Norris
 28108 | Vaults:1 | Killed Norris
 28125 | Vaults:1 | Reached XP level 20. HP: 75/196 MP: 11/30
 28145 | Vaults:1 | Identified the +11 great mace of Discord {chaos, rCorr}
 28151 | Vaults:1 | Your ally Dorog died
 28157 | Vaults:1 | Anointed Olfik the warrior as your apostle
 28170 | Vaults:1 | Your ally Olfik died
 28170 | Vaults:1 | Your ally Wargrak died
 28174 | Vaults:1 | Your ally Milork died
 28693 | Vaults:2 | Found a flickering gateway to a bazaar.
 28704 | Bazaar   | Entered a bazaar
 28704 | Bazaar   | Found Boteofra's Book Shop.
 28710 | Bazaar   | Found Alom's Weapon Shoppe.
 28737 | Bazaar   | Found Ywnuog's General Store.
 28751 | Bazaar   | Found Toshrinwasm's Jewellery Shop.
 28756 | Bazaar   | Bought a storm talisman for 960 gold pieces
 28764 | Bazaar   | Bought 2 potions of curing for 78 gold pieces
 29174 | Vaults:2 | Found Koampar's Antique Armour Boutique.
 30064 | Vaults:2 | Gained mutation: You have a pair of small horns on your
                  | head. [potion of mutation]
 30064 | Vaults:2 | Gained mutation: You expend magic power (3 MP) to
                  | strengthen your wands. [potion of mutation]
 30064 | Vaults:2 | Gained mutation: You possess an exceptional clarity of
                  | mind. [potion of mutation]
 30098 | Vaults:3 | Paralysed by a sphinx for 2 turns
 31110 | Vaults:3 | Identified the +3 dagger of Courage {speed, rPois Will+}
 31378 | Vaults:3 | Found Oloat's Antique Weapon Boutique.
 31456 | Vaults:3 | Found a staircase to the Crypt.
 31896 | Vaults:4 | Noticed Margery
 31918 | Vaults:4 | Killed Margery
 31919 | Vaults:4 | Reached XP level 21. HP: 89/206 MP: 31/31
 32055 | Vaults:4 | Identified the +2 cloak of the Prince of Darkness {Regen+
                  | Int-5 Slay+5}
 32490 | Vaults:4 | Your ally Milork died
 32924 | Vaults:4 | Found a roughly hewn altar of Beogh.
 33021 | Vaults:4 | Identified the orb "Sevaux" {light, Regen+ rCorr Str+3
                  | Dex-3}
 33021 | Vaults:4 | Noticed Frederick
 33097 | Vaults:4 | Killed Frederick
 33439 | Vaults:5 | Entered Level 5 of the Vaults
 33576 | Vaults:5 | Identified the +2 arbalest of Cowardice {drain, Fly rC- rN+
                  | Str+4 Int-5}
 33771 | Vaults:5 | Identified the ring of Ulofiung {rPois rF+ Slay+5}
 33817 | Vaults:5 | Identified the +8 battleaxe "Ygrec" {freeze, rElec rF+
                  | Str+3}
 33828 | Vaults:5 | Got the Folio of Iotic Feathers
 33865 | Vaults:5 | Identified the +7 rapier "Rionueni" {holy, *Slow rF++}
 33889 | Vaults:5 | Reached XP level 22. HP: 199/221 MP: 32/32
 34289 | Vaults:5 | Identified the ring "Javah" {Wiz Int+3}
 34471 | Vaults:5 | Got a silver rune of Zot
 34593 | Vaults:5 | Identified the +2 ring mail "Ulidaka" {rElec Str+4}
 34597 | Vaults:5 | Got the Almanac of Fulmination
 34857 | Vaults:4 | Anointed Warbeogh the priest as your apostle
 35035 | Depths:1 | Entered Level 1 of the Depths
 35157 | Depths:1 | You are sucked into a shaft and drop 1 floor!
 35164 | Depths:2 | Your ally Milork died
 35165 | Depths:2 | Found a gateway to Hell.
 35173 | Depths:2 | Reached skill level 15 in Fighting
 35228 | Depths:2 | Identified the +3 robe of the Morning Star {Slay+2}
 35228 | Depths:2 | Noticed Boris
 35235 | Depths:2 | Killed Boris
 35378 | Depths:2 | Noticed a juggernaut
 35385 | Depths:2 | Killed a juggernaut
 35650 | Depths:2 | Found a one-way gate leading to the halls of Pandemonium.
 35687 | Depths:2 | Anointed Benkei the wizard as your apostle
 35723 | Depths:2 | Found a radiant altar of Vehumet.
 36024 | Depths:3 | Found a runed translucent door.
 36030 | Depths:3 | Found a runed translucent door.
 36357 | Depths:3 | Reached XP level 23. HP: 244/244 MP: 33/33
 36673 | Depths:3 | Found a hide-covered altar of Uskayaw.
 36811 | Depths:3 | Identified the +0 leather armour of Magic {Int+6 Dex-2
                  | Stlth-}
 36893 | Depths:3 | Found a one-way gate to the infinite horrors of the Abyss.
 37043 | Depths:3 | Noticed a caustic shrike
 37058 | Depths:3 | Killed a caustic shrike
 37071 | Depths:3 | Your ally Olfik died
 37306 | Depths:3 | Identified the +6 quarterstaff of Ruination {heavy,
                  | *Corrode Dex+5}
 37396 | Depths:4 | Entered Level 4 of the Depths
 37447 | Depths:4 | Noticed a juggernaut
 37475 | Depths:4 | Killed a juggernaut
 37590 | Depths:4 | Identified the ring of Cytiy {Int+6 Dex+6}
 37765 | Depths:4 | Identified the +5 scale mail "Wosufyk" {Will+++ rCorr Str+3
                  | Int-3}
 37919 | Depths:4 | Found a gate to the Realm of Zot.
 38056 | Depths:4 | Found a broken altar of Ashenzari.
 38173 | Zot:1    | Entered Level 1 of the Realm of Zot
 39419 | Zot:2    | Noticed an orb of fire
 39434 | Zot:2    | Killed an orb of fire
 39462 | Zot:2    | Your ally Olfik died
 39464 | Zot:2    | Your ally Benkei died
 39468 | Zot:2    | Reached XP level 24. HP: 132/262 MP: 33/33
 39881 | Zot:2    | Identified the storm talisman of Inaction {+Blink Dex+3}
 39966 | Zot:2    | Your ally Warbeogh died
 40927 | Zot:3    | Identified the +10 falchion of Lahydira {flame, rF+++ rC+
                  | Str-3 Int+3}
 41257 | Zot:3    | You are sucked into a shaft and drop 1 floor!
 41257 | Zot:4    | Noticed a Killer Klown
 41264 | Zot:4    | Killed a Killer Klown
 41327 | Zot:4    | Reached skill level 15 in Dodging
 41349 | Zot:4    | Noticed an ancient lich
 41352 | Zot:4    | Killed an ancient lich
 41357 | Zot:4    | Your ally Olfik died
 42312 | Zot:3    | Your ally Olfik died
 42478 | Zot:5    | Entered Level 5 of the Realm of Zot
 42783 | Zot:5    | Reached XP level 25. HP: 261/270 MP: 33/33
 42791 | Zot:5    | Your ally Warbeogh died
 43049 | Zot:5    | Noticed a dread lich
 43049 | Zot:5    | Noticed a dread lich
 43049 | Zot:5    | Noticed an orb of fire
 43049 | Zot:5    | Noticed an orb of fire
 43062 | Zot:5    | Killed an orb of fire
 43067 | Zot:5    | Killed a dread lich
 43071 | Zot:5    | Killed a dread lich
 43084 | Zot:5    | Noticed an ancient lich
 43088 | Zot:5    | Killed an ancient lich
 43098 | Zot:5    | Noticed an ancient lich
 43100 | Zot:5    | Killed an ancient lich
 43100 | Zot:5    | Noticed an ancient lich
 43104 | Zot:5    | Killed an ancient lich
 43108 | Zot:5    | Noticed a dread lich
 43112 | Zot:5    | Killed an orb of fire
 43113 | Zot:5    | Noticed a dread lich
 43117 | Zot:5    | Noticed an orb of fire
 43118 | Zot:5    | Killed a dread lich
 43122 | Zot:5    | Killed a dread lich
 43127 | Zot:5    | Noticed a Killer Klown
 43127 | Zot:5    | Gained mutation: You have large cloven feet. [an orb of
                  | fire]
 43128 | Zot:5    | Killed an orb of fire
 43144 | Zot:5    | Killed a Killer Klown
 43152 | Zot:5    | Noticed an orb of fire
 43153 | Zot:5    | Gained mutation: You are weak. (Str -2) [an orb of fire]
 43155 | Zot:5    | Noticed a dread lich
 43159 | Zot:5    | Gained mutation: Armour fits poorly on your strangely
                  | shaped body. [an orb of fire]
 43161 | Zot:5    | Killed an orb of fire
 43169 | Zot:5    | Killed a dread lich
 43443 | Zot:5    | Reached skill level 16 in Invocations
 43460 | Zot:5    | Noticed a Killer Klown
 43474 | Zot:5    | Killed a Killer Klown
 43777 | Depths:4 | Identified the +5 executioner's axe "Tormentor" {antimagic,
                  | SInv}
 43788 | Depths:4 | Anointed Morun the warrior as your apostle
 44154 | Slime:1  | Entered Level 1 of the Pits of Slime
 44242 | Slime:1  | Gained mutation: You are vulnerable to heat. (rF-) [a
                  | shining eye]
 44771 | Slime:3  | Reached skill level 17 in Invocations
 44949 | Slime:4  | Gained mutation: You are very weak. (Str -4) [a shining
                  | eye]
 44951 | Slime:4  | Lost mutation: You are vulnerable to heat. (rF-) [potion of
                  | mutation]
 44951 | Slime:4  | Lost mutation: You possess an exceptional clarity of mind.
                  | [potion of mutation]
 44951 | Slime:4  | Lost mutation: You expend magic power (3 MP) to strengthen
                  | your wands. [potion of mutation]
 44951 | Slime:4  | Gained mutation: You are resistant to electric shocks.
                  | (rElec) [potion of mutation]
 44951 | Slime:4  | Gained mutation: Your flesh is cold resistant. (rC+)
                  | [potion of mutation]
 44952 | Slime:4  | Lost mutation: You are resistant to electric shocks.
                  | (rElec) [potion of mutation]
 44952 | Slime:4  | Lost mutation: Armour fits poorly on your strangely shaped
                  | body. [potion of mutation]
 44952 | Slime:4  | Gained mutation: You have a somewhat thin skeletal
                  | structure. (Dex +2, Stealth+) [potion of mutation]
 44952 | Slime:4  | Gained mutation: You have an increased reservoir of magic.
                  | (+10% MP) [potion of mutation]
 44953 | Slime:4  | Lost mutation: You have large cloven feet. [potion of
                  | mutation]
 44953 | Slime:4  | Lost mutation: Your flesh is cold resistant. (rC+) [potion
                  | of mutation]
 44953 | Slime:4  | Gained mutation: You have very sharp teeth. [potion of
                  | mutation]
 44953 | Slime:4  | Gained mutation: You are occasionally teleported next to
                  | monsters. [potion of mutation]
 44953 | Slime:4  | Gained mutation: You expend magic power (3 MP) to
                  | strengthen your wands. [potion of mutation]
 44954 | Slime:4  | Lost mutation: You are occasionally teleported next to
                  | monsters. [potion of mutation]
 44954 | Slime:4  | Lost mutation: You have a somewhat thin skeletal structure.
                  | (Dex +2, Stealth+) [potion of mutation]
 44954 | Slime:4  | Lost mutation: You are very weak. (Str -4) [potion of
                  | mutation]
 44954 | Slime:4  | Lost mutation: You have an increased reservoir of magic.
                  | (+10% MP) [potion of mutation]
 44954 | Slime:4  | Gained mutation: You are clumsy. (Dex -2) [potion of
                  | mutation]
 44955 | Slime:4  | Lost mutation: You have very sharp teeth. [potion of
                  | mutation]
 44955 | Slime:4  | Lost mutation: You have a pair of small horns on your head.
                  | [potion of mutation]
 44955 | Slime:4  | Gained mutation: You are resistant to electric shocks.
                  | (rElec) [potion of mutation]
 44955 | Slime:4  | Gained mutation: You are strong-willed. (Will+) [potion of
                  | mutation]
 44956 | Slime:4  | Lost mutation: You expend magic power (3 MP) to strengthen
                  | your wands. [potion of mutation]
 44956 | Slime:4  | Lost mutation: You are resistant to electric shocks.
                  | (rElec) [potion of mutation]
 44956 | Slime:4  | Lost mutation: You are clumsy. (Dex -2) [potion of
                  | mutation]
 44956 | Slime:4  | Gained mutation: You possess an exceptional clarity of
                  | mind. [potion of mutation]
 44956 | Slime:4  | Gained mutation: You are resistant to electric shocks.
                  | (rElec) [potion of mutation]
 44957 | Slime:4  | Lost mutation: You are strong-willed. (Will+) [potion of
                  | mutation]
 44957 | Slime:4  | Lost mutation: You are weak. (Str -2) [potion of mutation]
 44957 | Slime:4  | Lost mutation: You are resistant to electric shocks.
                  | (rElec) [potion of mutation]
 44957 | Slime:4  | Gained mutation: You have large cloven feet. [potion of
                  | mutation]
 44957 | Slime:4  | Gained mutation: Your flesh is heat resistant. (rF+)
                  | [potion of mutation]
 44957 | Slime:4  | Gained mutation: You are agile. (Dex +4, Str/Int -1)
                  | [potion of mutation]
 44972 | Slime:4  | Reached XP level 26. HP: 280/280 MP: 34/34
 45236 | Slime:5  | Entered Level 5 of the Pits of Slime
 45287 | Slime:5  | Noticed the Royal Jelly
 45288 | Slime:5  | Reached skill level 18 in Invocations
 45290 | Slime:5  | Your ally Olfik died
 45306 | Slime:5  | Killed the Royal Jelly
 45310 | Slime:5  | Your ally Morun died
 45411 | Slime:5  | Found the +0 pair of gloves of the gadgeteer {Gadgeteer
                  | Wandboost ^Fragile}
 45415 | Slime:5  | Found the ring of the Octopus King
 45453 | Slime:5  | Identified a ring of the Octopus King {Fly HP+2 AC+2 EV+2
                  | SH+2}
 45460 | Slime:5  | Got a slimy rune of Zot
 45463 | Slime:5  | Got the Encyclopedia of the Supportive Blaze
 45473 | Slime:5  | Got the Folio of Mortality and Vapour
 45493 | Slime:5  | Identified the +9 war axe "Evyqurgh" {flame, rElec Int+2
                  | Dex+2 SInv}
 46017 | Slime:4  | Anointed Zartorak the warrior as your apostle
 46448 | Crypt:1  | Entered Level 1 of the Crypt
 46454 | Crypt:1  | Noticed Mennas
 46465 | Crypt:1  | Killed Mennas
 46643 | Crypt:1  | Reached skill level 19 in Invocations
 47262 | Crypt:2  | Reached skill level 20 in Invocations
 47865 | Crypt:2  | Noticed Khufu
 47865 | Crypt:2  | Noticed a royal mummy
 47866 | Crypt:2  | Noticed a royal mummy
 47867 | Crypt:2  | Found a runed translucent gate.
 47867 | Crypt:2  | Found a runed translucent gate.
 47867 | Crypt:2  | Found a runed translucent gate.
 47873 | Crypt:2  | Killed a royal mummy
 47876 | Crypt:2  | Killed Khufu
 47876 | Crypt:2  | Killed a royal mummy
 47918 | Crypt:2  | Identified the +3 trident of the Past {antimagic, rElec rC-
                  | Dex+2}
 48157 | Crypt:2  | Found a runed translucent gate.
 48158 | Crypt:2  | Found a runed translucent gate.
 48159 | Crypt:2  | Found a runed translucent gate.
 48160 | Crypt:2  | Found an ancient bone altar of Kikubaaqudgha.
 48161 | Crypt:2  | Noticed Katt's ghost (adept MiFi)
 48161 | Crypt:2  | Noticed an ancient lich
 48161 | Crypt:2  | Noticed a dread lich
 48173 | Crypt:2  | Reached skill level 21 in Invocations
 48175 | Crypt:2  | Killed a dread lich
 48175 | Crypt:2  | Killed an ancient lich
 48176 | Crypt:2  | Killed Katt's ghost
 48186 | Crypt:2  | Identified the +0 cloak of the Mango {+Blink rPois rC+
                  | Int+3}
 48189 | Crypt:2  | Identified the ring of Ihoumoj {rF- rN+ Will+ Str+3 Dex+4}
 48299 | Crypt:2  | Identified the +2 robe "Xeisisal" {Will+ Int+3 Dex+2
                  | Stlth+}
 48367 | Crypt:3  | Entered Level 3 of the Crypt
 48379 | Crypt:3  | Identified the +4 robe "Qiggerui" {rPois Str-4 Dex+3 SInv}
 48379 | Crypt:3  | Noticed Boris
 48387 | Crypt:3  | Killed Boris
 48512 | Crypt:3  | Noticed a dread lich
 48513 | Crypt:3  | Noticed an ancient lich
 48518 | Crypt:3  | Killed a dread lich
 48523 | Crypt:3  | Killed an ancient lich
 48524 | Crypt:3  | Reached XP level 27. HP: 266/288 MP: 36/36
 48530 | Crypt:3  | Identified the amulet of Xuvames {rPois RegenMP+}
 48535 | Crypt:3  | Got Owuanus's Handbook of the Charnel House
 48637 | Crypt:3  | Reached skill level 22 in Invocations
 48637 | Crypt:3  | Found an ancient bone altar of Kikubaaqudgha.
 48924 | Crypt:3  | Found a staircase to the Tomb.
 49093 | Crypt:3  | Identified the ring "Aler" {Ice Int+5}
 49130 | Crypt:3  | Your ally Zartorak died
 49134 | Crypt:3  | Your ally Warbeogh died
 49392 | Crypt:3  | Identified the ring "Lyhik" {rC+ Will+ Str-4 Dex+6}
 49711 | Depths:3 | Voluntarily entered the Abyss.
 49713 | Abyss:1  | Found a corrupted altar of Lugonu.
 49719 | Abyss:1  | Found a corrupted altar of Lugonu.
 49867 | Abyss:1  | Found a corrupted altar of Lugonu.
 49978 | Abyss:1  | Reached skill level 23 in Invocations
 50009 | Abyss:1  | Found a corrupted altar of Lugonu.
 50175 | Abyss:1  | Gained mutation: Your health recovers twice as slowly from
                  | being drained. [a cacodemon]
 50208 | Abyss:1  | Found a corrupted altar of Lugonu.
 50218 | Abyss:1  | Found a corrupted altar of Lugonu.
 50315 | Abyss:1  | Your ally Zartorak died
 50548 | Abyss:1  | Found a corrupted altar of Lugonu.
 50602 | Abyss:1  | Found a corrupted altar of Lugonu.
 50627 | Abyss:1  | Gained mutation: Your muscles are strong. (Str +4, Int/Dex
                  | -1) [a neqoxec]
 50692 | Abyss:3  | Found a corrupted altar of Lugonu.
 50704 | Abyss:3  | Found a corrupted altar of Lugonu.
 50704 | Abyss:3  | Found a corrupted altar of Lugonu.
 50714 | Abyss:3  | Paralysed by a chaos spawn for 1 turns
 50723 | Abyss:4  | Found a corrupted altar of Lugonu.
 50736 | Abyss:4  | Found a corrupted altar of Lugonu.
 50761 | Abyss:4  | Found a corrupted altar of Lugonu.
 50875 | Abyss:4  | Paralysed by accursed screaming for 2 turns
 50944 | Abyss:4  | Your ally Morun died
 51102 | Abyss:4  | Your ally Zartorak died
 51133 | Abyss:4  | Got an abyssal rune of Zot
 51159 | Abyss:4  | Reached skill level 24 in Invocations
 51241 | Depths:3 | Escaped the Abyss
 51258 | Depths:3 | Identified the +5 robe of Gravitas {Regen+}
 51639 | Zot:5    | Got the Orb of Zot
 51674 | Zot:5    | Noticed Imnie the pandemonium lord
 51679 | Zot:5    | Killed Imnie the pandemonium lord
 52129 | D:6      | Killed Prince Ribbit
 52213 | D:2      | Killed Sigmund
 52261 | D:2      | Noticed Liojio the pandemonium lord
 52268 | D:2      | Killed Liojio the pandemonium lord
 52305 | D:2      | Gained mutation: Your body sometimes deteriorates upon
                  | taking damage. [a neqoxec]
 52334 | D:1      | Noticed Seobo the pandemonium lord
 52352 | D:$      | Escaped with the Orb!

Illustrated notes

Levels and vault maps discovered:
D:1:      psy_arrival_terrarium, layout_loops_ring
D:2:      layout_basic, uniq_sigmund
D:3:      layout_basic, basic_ecumenical_altar, minmay_misc_feat_rows,
          uniq_crazy_yiuf_cottage
D:4:      layout_basic, grunt_dithmenos_smoke,
          minmay_temple_entry_statues_pillars, gup_ossuary_entry_pyramid,
          minmay_misc_feat_tower, grunt_ministairs_9
D:5:      layout_cave_pods, nicolae_figureground_pulse
D:6:      layout_gridville, hellmonk_guarded_unrand_hermit, uniq_prince_ribbit1
D:7:      layout_loops_ring, minmay_misc_feat_more_columns, uniq_joseph
D:8:      layout_gridville, kiku_gazebo_garden_becter,
          nicolae_overflow_quartered_altars
D:9:      layout_roguey, dpeg_lair_monsters, uniq_jeremiah
D:10:     layout_basic, lemuel_crystal_altar, grunt_ashenzari_visionary
          [grunt_ashenzari_visionary_shoals, grunt_ashenzari_visionary_spider],
          nicolae_ru_great_annihilating_truth, grunt_temple_overflow_diamond,
          uniq_harold, uniq_snorg
D:11:     layout_loops_corners, hiddenorc1_lemuel, serial_shops,
          nicolae_shop_getting_attention
D:12:     layout_loops_cross, special_room [special_room_bee], serial_shops,
          shop, kennysheep_generic_room_3, uniq_frances
D:13:     minmay_the_grid_octo_tiled_squarecenter_mashed
          [minmay_the_grid_octo_pinwheel, minmay_the_grid_octo_empty,
          minmay_the_grid_octo_77, minmay_the_grid_octo_odd_swirl,
          minmay_the_grid_square_5x5_megaprize_diamond,
          minmay_the_grid_square_5x5_spiral_small,
          minmay_the_grid_square_5x5_almost_minimal,
          minmay_the_grid_square_5x5_z, minmay_the_grid_square_5x5_minibox],
          layout_cave_pods, erik_vaults_2, minmay_fire_ice_demons
D:14:     minmay_connected_boxes_in_corner, layout_rooms, serial_shops,
          nicolae_shop_rolling_square, bh_walls_and_bars
D:15:     gammafunk_depths_entry_grave, layout_gridville, serial_shops,
          nicolae_shop_bloodbath_and_beyond
Lair:1:   layout_regular_city, minmay_lair_oklob_items, grunt_megastairs_4
Lair:2:   layout_loops_ring, shoals_dummy_entry,
          nicolae_spider_entry_non_spiders, hangedman_tree_tricks, uniq_sonja
Lair:3:   dragon1_lemuel, layout_chaotic_city, uniq_urug, uniq_fannar
Lair:4:   layout_hall_layers, slime_entry_1, nicolae_volcano_entry_vermiform,
          worms_lemuel, grunt_megastairs_2, infiniplex_staircase_pool_2
Lair:5:   evilmike_catoblepas_cave, layout_cave_pods, gammafunk_ghost_cemetery
Shoals:1: layout_shoals, ebering_ghost_disaster_area, uniq_aizul
Shoals:2: layout_shoals, wheals_shoals_ruined_temple
Shoals:3: layout_shoals, uniq_donald
Shoals:4: shoals_end_hellmonk_holy_island
Spider:1: nicolae_spider_hilbert_zone_4 [nicolae_spider_hilbert_4_sides_2_open,
          nicolae_spider_hilbert_4_sides_1_open,
          nicolae_spider_hilbert_4_sides_1_open,
          nicolae_spider_hilbert_4_sides_1_open,
          nicolae_spider_hilbert_4_sides_1_open,
          nicolae_spider_hilbert_2_sides_1_open,
          nicolae_spider_hilbert_2_sides_1_open,
          nicolae_spider_hilbert_2_sides_1_open,
          nicolae_spider_hilbert_2_sides_1_open,
          nicolae_spider_hilbert_6_sides_1_open,
          nicolae_spider_hilbert_6_sides_1_open,
          nicolae_spider_hilbert_3_sides_1_open,
          nicolae_spider_hilbert_3_sides_1_open], uniq_mlioglotl
Spider:2: layout_spider_delve, portal_ice_cave_entry_frozen_things,
          nicolae_spider_stair_cavern, uniq_arachne
Spider:3: spider_temple_joshua, gammafunk_ghost_arena
Spider:4: grunt_spider_rune_circles, guppyfry_spider_mini_2
Slime:1:  layout_caves
Slime:2:  layout_caves
Slime:3:  layout_caves
Slime:4:  layout_caves
Slime:5:  slime_pit_nicolae_royal_road_to_ruin
Orc:1:    layout_caves, serial_shops, shop, nicolae_shop_gadgets, uniq_jorgrun
Orc:2:    grunt_orc_tribal_feast, layout_caves, serial_shops,
          nicolae_diamond_shop, basic_altar, hellmonk_ghost_happy_afterlife
Vaults:1: hangedman_vaults_capsules, nicolae_vaults_branching_niches,
          vaults_mumra_minichess_inversion, v_misc_27, nicolae_vaults_tangram_2,
          vaults_room_door_ring, hangedman_vaults_cutoff, ontoclasm_vaults_spin,
          vaults_mumra_hex, nicolae_vaults_circle_grid_b,
          serial_library_hellmonk_reading_circle, layout_vaults_omnicross,
          serial_shops, shop, uniq_norris, uniq_boris
Vaults:2: nicolae_vaults_sesquioval_fish, v_misc_33,
          nicolae_vaults_tetromino_Z_2, nicolae_vaults_gold_heap,
          nicolae_vaults_house_3, grunt_vaults_twisty,
          nicolae_vaults_double_plus_1, nicolae_vaults_tetromino_Z_2,
          ontoclasm_vaults_chip, nicolae_vaults_closet_pinwheel_1,
          layout_vaults_omnigrid, serial_shops, bzr_in_the_mist,
          nicolae_shop_tiny_glass
Vaults:3: v_misc_22, hangedman_vaults_impose,
          serial_library_hellmonk_semicircle, nicolae_vaults_mitosis,
          nicolae_vaults_whirlpool_walls, nicolae_vaults_little_squares_1,
          nicolae_vaults_network_star, ontoclasm_vaults_fault, v_misc_10,
          nicolae_vaults_tetromino_T_1, minmay_crypt_entry_simple_corners,
          vaults_mumra_hexcomb, layout_vaults_chaotic_city, serial_shops, shop
Vaults:4: v_pattern_5, nicolae_vaults_doubleplus_tesselated, v_misc_33,
          nicolae_vaults_tetromino_T_1, nicolae_vaults_theta,
          nicolae_vaults_little_squares_2, nicolae_vaults_closet_pinwheel_1,
          lightli_church_of_beogh, nicolae_vaults_network_quincunx
          [nicolae_vaults_network_quincunx_subvault,
          nicolae_vaults_network_quincunx_subvault,
          nicolae_vaults_network_quincunx_subvault,
          nicolae_vaults_network_quincunx_subvault,
          nicolae_vaults_network_quincunx_subvault], dpeg_vaults_monster_box,
          v_misc_17, nicolae_vaults_tetromino_T_2, nicolae_vaults_asterisk,
          layout_vaults_omnibox, uniq_frederick, uniq_margery
Vaults:5
Crypt:1:  layout_gridlike, feat_on_display, uniq_mennas
Crypt:2:  layout_chaotic_city, gammafunk_ghost_crypt, serial_co_window_serial,
          co_window_cross_1, co_window_corner_a, co_window_corner_a,
          co_window_corner_a, co_window_of_opportunity_a, co_window_corner_a,
          co_window_of_opportunity_b, co_window_2corner, co_window_broadway_b,
          co_window_sun, co_window_4corner_a, glass_columns_a,
          grunt_ministairs_14, st_stairs_5, ebering_dispersal_statue_hall,
          pandoras_box_mu, uniq_khufu
Crypt:3:  evilmike_haunted_forest
Depths:1: layout_roguey, enter_ziggurat_d, rand_demon_pan_entry_8,
          serial_bayou_pond_c, lightli_too_deep, minmay_misc_feat_doors,
          minmay_shop_enchanted_jewellery, nicolae_titane
Depths:2: evilmike_marble_ring, layout_cave_shapes, grunt_pan_entry_sceptre,
          hell_entry, basic_altar
Depths:3: thingy_vault_2, layout_basic, hellmouth_1,
          abyss_entry_small_statue_room,
          nicolae_uskayaw_murder_on_the_dancefloor, grunt_ministairs_15,
          lemuel_freeze_loot_1
Depths:4: evilmike_zot_entry_round, layout_twisted_cross,
          pf_dread_powers_of_hell, serial_sigils_hangedman_confine, abyss_entry,
          ashenzari_conservatory_becter
Zot:1:    layout_cathedral_of_symmetry
Zot:2:    grunt_deathspiral_small, layout_concentric_octagons,
          regret_index_zotdec_gossamer_parallel, st_stairs_1
Zot:3:    kennysheep_bubbly, layout_basic, st_stairs_13
Zot:4:    ebering_greatest_show_in_zot, layout_twisted_circle
Zot:5:    layout_twisted_circle, drop_trap

Skill      XL: |  1  2  3  4  5  6  7  8  9 10 11 12 13 14 15 16 17 18 19 20 21 22 23 24 25 26 27 |
---------------+----------------------------------------------------------------------------------+-----
Unarmed Combat | 1 2 3 4 6 7 10 11 13 15 18 19 21 23 | 23.1
Fighting       | 3 4 6 7 8 9 10 11 12 13 17 19 | 19.9
Invocations    | 1 6 7 8 9 10 11 15 17 21 24 | 24.2
Dodging        | 3 5 7 9 11 12 13 16 17 18 | 18.0
Shapeshifting  | 8 11 16 19 21 23 | 23.3
Axes           | |  2.4
Evocations     | |  1.3

Action                     |  1- 3 |  4- 6 |  7- 9 | 10-12 | 13-15 | 16-18 | 19-21 | 22-24 | 25-27 || total
---------------------------+-------+-------+-------+-------+-------+-------+-------+-------+-------++-------
  Melee: Unarmed           |    91 |   168 |   259 |   302 |   588 |   740 |   840 |   813 |   909 ||  4710
         Punch             |       |     5 |    12 |    29 |    75 |    97 |   150 |   130 |   166 ||   664
         Constrict         |       |       |       |       |       |    32 |       |       |       ||    32
         Headbutt          |       |       |       |       |       |       |    58 |       |       ||    58
         Kick              |       |       |       |       |       |       |       |       |     5 ||     5
 Invoke: Convert to Beogh  |       |     1 |       |       |       |       |       |       |       ||     1
         Smiting           |       |       |    12 |     6 |    31 |    24 |    33 |       |    27 ||   133
         Recruit Apostle   |       |       |       |     3 |     2 |     3 |     1 |     2 |     2 ||    13
         Recall Apostles   |       |       |       |     2 |     9 |    11 |     8 |    14 |    14 ||    58
         Dismiss Apostle   |       |       |       |       |     2 |     3 |     1 |     4 |     2 ||    12
         Blood for Blood   |       |       |       |       |       |       |       |       |     2 ||     2
Ability: Blinkbolt         |       |       |       |       |       |       |    17 |    25 |    38 ||    80
         Siphon Essence    |       |       |       |       |       |       |       |       |     1 ||     1
         Begin Untransform |       |       |       |       |       |       |       |       |     1 ||     1
  Evoke: Wand              |       |     4 |     1 |    14 |     2 |       |     1 |       |       ||    22
         Phial of floods   |       |       |       |       |     1 |       |     1 |       |       ||     2
         Lightning rod     |       |       |       |       |     2 |       |       |       |       ||     2
    Use: Scroll            |       |       |       |    21 |    11 |     5 |     8 |     3 |       ||    48
         Potion            |       |       |       |     3 |     1 |     2 |     4 |     1 |    17 ||    28
   Stab: Sleeping          |     1 |     1 |       |       |     2 |     5 |     3 |       |     5 ||    17
         Distracted        |     1 |       |     1 |     6 |    16 |    17 |    11 |    28 |    23 ||   103
         Petrified         |       |       |       |       |     5 |       |       |       |       ||     5
         Paralysed         |       |       |       |       |     1 |       |       |     8 |       ||     9
         Confused          |       |       |       |       |     1 |       |       |     7 |     2 ||    10
         Held in net/web   |       |       |       |       |       |       |       |     2 |     2 ||     4
 Armour: Robe              |    58 |    71 |   122 |   137 |     4 |       |       |       |       ||   392
         Steam dragon scal |       |       |       |       |   169 |       |       |       |       ||   169
         Troll leather arm |       |       |       |       |   151 |   359 |   376 |       |     8 ||   894
         Skin              |       |       |       |       |       |    59 |    61 |   269 |   173 ||   562
  Dodge: Dodged            |    36 |    98 |   140 |   137 |   495 |   723 |   764 |   986 |   874 ||  4253
  Block: Other             |       |       |    36 |    11 |       |       |       |       |       ||    47
   Form: Serpent           |       |       |       |       |       |     1 |       |       |       ||     1
         Blade             |       |       |       |       |       |     1 |       |       |       ||     1
         Storm             |       |       |       |       |       |       |     1 |       |     1 ||     2
         Death             |       |       |       |       |       |       |       |       |     1 ||     1

Table legend: (Time is in decaauts)
 A = Elapsed time spent in this place.
 B = Non-inter-level travel time spent in this place.
 C = Inter-level travel time spent in this place.
 D = Time resting spent in this place.
 E = Time spent auto-exploring this place.
 F = Levels seen in this place.
 G = Mean time per level.
                   A        B        C        D        E       F      G
               +--------+--------+--------+--------+--------+-----+--------+
         Total |  50770 |  46578 |   4192 |   4572 |  29262 |  60 |  846.2 |
       Dungeon |  12653 |  11211 |   1442 |    641 |   8036 |  15 |  843.5 |
          Lair |   5157 |   4797 |    360 |    454 |   3008 |   5 | 1031.4 |
        Shoals |   2676 |   2560 |    116 |    251 |   1300 |   4 |  669.0 |
   Spider Nest |   4493 |   4269 |    224 |    816 |   2041 |   4 | 1123.2 |
    Slime Pits |   1952 |   1793 |    159 |    120 |   1225 |   5 |  390.4 |
  Orcish Mines |   1285 |   1182 |    103 |    103 |    800 |   2 |  642.5 |
        Vaults |   7641 |   6994 |    647 |    759 |   4474 |   5 | 1528.2 |
         Crypt |   2901 |   2780 |    121 |    212 |   1694 |   3 |  967.0 |
        Depths |   3709 |   3215 |    494 |    323 |   2097 |   4 |  927.2 |
           Zot |   5638 |   5115 |    523 |    349 |   3871 |   5 | 1127.6 |
         Abyss |   1404 |   1404 |      0 |    152 |    503 |   4 |  351.0 |
        Bazaar |     68 |     68 |      0 |      0 |     42 |   1 |   68.0 |
       Ossuary |    239 |    239 |      0 |      6 |     41 |   1 |  239.0 |
      Ice Cave |    664 |    664 |      0 |    311 |     69 |   1 |  664.0 |
       Volcano |    283 |    283 |      0 |     73 |     61 |   1 |  283.0 |
               +--------+--------+--------+--------+--------+-----+--------+

Top non-repeatable levels by time:
Vaults:3: 1692 daAuts
Depths:3: 1686 daAuts
Vaults:1: 1651 daAuts
Vaults:4: 1585 daAuts
    D:13: 1539 daAuts
  Lair:5: 1534 daAuts
Spider:3: 1527 daAuts
   Zot:2: 1477 daAuts
Vaults:2: 1411 daAuts
Vaults:5: 1300 daAuts
 Crypt:2: 1163 daAuts
  Lair:2: 1123 daAuts
   Zot:1: 1115 daAuts
    D:14: 1081 daAuts
   Zot:5: 1060 daAuts

Levels and vault maps discovered:
D:1:      psy_arrival_terrarium, layout_loops_ring
D:2:      layout_basic, uniq_sigmund
D:3:      layout_basic, basic_ecumenical_altar, minmay_misc_feat_rows,
          uniq_crazy_yiuf_cottage
D:4:      layout_basic, grunt_dithmenos_smoke,
          minmay_temple_entry_statues_pillars, gup_ossuary_entry_pyramid,
          minmay_misc_feat_tower, grunt_ministairs_9
D:5:      layout_cave_pods, nicolae_figureground_pulse
D:6:      layout_gridville, hellmonk_guarded_unrand_hermit, uniq_prince_ribbit1
D:7:      layout_loops_ring, minmay_misc_feat_more_columns, uniq_joseph
D:8:      layout_gridville, kiku_gazebo_garden_becter,
          nicolae_overflow_quartered_altars
D:9:      layout_roguey, dpeg_lair_monsters, uniq_jeremiah
D:10:     layout_basic, lemuel_crystal_altar, grunt_ashenzari_visionary
          [grunt_ashenzari_visionary_shoals, grunt_ashenzari_visionary_spider],
          nicolae_ru_great_annihilating_truth, grunt_temple_overflow_diamond,
          uniq_harold, uniq_snorg
D:11:     layout_loops_corners, hiddenorc1_lemuel, serial_shops,
          nicolae_shop_getting_attention
D:12:     layout_loops_cross, special_room [special_room_bee], serial_shops,
          shop, kennysheep_generic_room_3, uniq_frances
D:13:     minmay_the_grid_octo_tiled_squarecenter_mashed
          [minmay_the_grid_octo_pinwheel, minmay_the_grid_octo_empty,
          minmay_the_grid_octo_77, minmay_the_grid_octo_odd_swirl,
          minmay_the_grid_square_5x5_megaprize_diamond,
          minmay_the_grid_square_5x5_spiral_small,
          minmay_the_grid_square_5x5_almost_minimal,
          minmay_the_grid_square_5x5_z, minmay_the_grid_square_5x5_minibox],
          layout_cave_pods, erik_vaults_2, minmay_fire_ice_demons
D:14:     minmay_connected_boxes_in_corner, layout_rooms, serial_shops,
          nicolae_shop_rolling_square, bh_walls_and_bars
D:15:     gammafunk_depths_entry_grave, layout_gridville, serial_shops,
          nicolae_shop_bloodbath_and_beyond
Lair:1:   layout_regular_city, minmay_lair_oklob_items, grunt_megastairs_4
Lair:2:   layout_loops_ring, shoals_dummy_entry,
          nicolae_spider_entry_non_spiders, hangedman_tree_tricks, uniq_sonja
Lair:3:   dragon1_lemuel, layout_chaotic_city, uniq_urug, uniq_fannar
Lair:4:   layout_hall_layers, slime_entry_1, nicolae_volcano_entry_vermiform,
          worms_lemuel, grunt_megastairs_2, infiniplex_staircase_pool_2
Lair:5:   evilmike_catoblepas_cave, layout_cave_pods, gammafunk_ghost_cemetery
Shoals:1: layout_shoals, ebering_ghost_disaster_area, uniq_aizul
Shoals:2: layout_shoals, wheals_shoals_ruined_temple
Shoals:3: layout_shoals, uniq_donald
Shoals:4: shoals_end_hellmonk_holy_island
Spider:1: nicolae_spider_hilbert_zone_4 [nicolae_spider_hilbert_4_sides_2_open,
          nicolae_spider_hilbert_4_sides_1_open,
          nicolae_spider_hilbert_4_sides_1_open,
          nicolae_spider_hilbert_4_sides_1_open,
          nicolae_spider_hilbert_4_sides_1_open,
          nicolae_spider_hilbert_2_sides_1_open,
          nicolae_spider_hilbert_2_sides_1_open,
          nicolae_spider_hilbert_2_sides_1_open,
          nicolae_spider_hilbert_2_sides_1_open,
          nicolae_spider_hilbert_6_sides_1_open,
          nicolae_spider_hilbert_6_sides_1_open,
          nicolae_spider_hilbert_3_sides_1_open,
          nicolae_spider_hilbert_3_sides_1_open], uniq_mlioglotl
Spider:2: layout_spider_delve, portal_ice_cave_entry_frozen_things,
          nicolae_spider_stair_cavern, uniq_arachne
Spider:3: spider_temple_joshua, gammafunk_ghost_arena
Spider:4: grunt_spider_rune_circles, guppyfry_spider_mini_2
Slime:1:  layout_caves
Slime:2:  layout_caves
Slime:3:  layout_caves
Slime:4:  layout_caves
Slime:5:  slime_pit_nicolae_royal_road_to_ruin
Orc:1:    layout_caves, serial_shops, shop, nicolae_shop_gadgets, uniq_jorgrun
Orc:2:    grunt_orc_tribal_feast, layout_caves, serial_shops,
          nicolae_diamond_shop, basic_altar, hellmonk_ghost_happy_afterlife
Vaults:1: hangedman_vaults_capsules, nicolae_vaults_branching_niches,
          vaults_mumra_minichess_inversion, v_misc_27, nicolae_vaults_tangram_2,
          vaults_room_door_ring, hangedman_vaults_cutoff, ontoclasm_vaults_spin,
          vaults_mumra_hex, nicolae_vaults_circle_grid_b,
          serial_library_hellmonk_reading_circle, layout_vaults_omnicross,
          serial_shops, shop, uniq_norris, uniq_boris
Vaults:2: nicolae_vaults_sesquioval_fish, v_misc_33,
          nicolae_vaults_tetromino_Z_2, nicolae_vaults_gold_heap,
          nicolae_vaults_house_3, grunt_vaults_twisty,
          nicolae_vaults_double_plus_1, nicolae_vaults_tetromino_Z_2,
          ontoclasm_vaults_chip, nicolae_vaults_closet_pinwheel_1,
          layout_vaults_omnigrid, serial_shops, bzr_in_the_mist,
          nicolae_shop_tiny_glass
Vaults:3: v_misc_22, hangedman_vaults_impose,
          serial_library_hellmonk_semicircle, nicolae_vaults_mitosis,
          nicolae_vaults_whirlpool_walls, nicolae_vaults_little_squares_1,
          nicolae_vaults_network_star, ontoclasm_vaults_fault, v_misc_10,
          nicolae_vaults_tetromino_T_1, minmay_crypt_entry_simple_corners,
          vaults_mumra_hexcomb, layout_vaults_chaotic_city, serial_shops, shop
Vaults:4: v_pattern_5, nicolae_vaults_doubleplus_tesselated, v_misc_33,
          nicolae_vaults_tetromino_T_1, nicolae_vaults_theta,
          nicolae_vaults_little_squares_2, nicolae_vaults_closet_pinwheel_1,
          lightli_church_of_beogh, nicolae_vaults_network_quincunx
          [nicolae_vaults_network_quincunx_subvault,
          nicolae_vaults_network_quincunx_subvault,
          nicolae_vaults_network_quincunx_subvault,
          nicolae_vaults_network_quincunx_subvault,
          nicolae_vaults_network_quincunx_subvault], dpeg_vaults_monster_box,
          v_misc_17, nicolae_vaults_tetromino_T_2, nicolae_vaults_asterisk,
          layout_vaults_omnibox, uniq_frederick, uniq_margery
Vaults:5
Crypt:1:  layout_gridlike, feat_on_display, uniq_mennas
Crypt:2:  layout_chaotic_city, gammafunk_ghost_crypt, serial_co_window_serial,
          co_window_cross_1, co_window_corner_a, co_window_corner_a,
          co_window_corner_a, co_window_of_opportunity_a, co_window_corner_a,
          co_window_of_opportunity_b, co_window_2corner, co_window_broadway_b,
          co_window_sun, co_window_4corner_a, glass_columns_a,
          grunt_ministairs_14, st_stairs_5, ebering_dispersal_statue_hall,
          pandoras_box_mu, uniq_khufu
Crypt:3:  evilmike_haunted_forest
Depths:1: layout_roguey, enter_ziggurat_d, rand_demon_pan_entry_8,
          serial_bayou_pond_c, lightli_too_deep, minmay_misc_feat_doors,
          minmay_shop_enchanted_jewellery, nicolae_titane
Depths:2: evilmike_marble_ring, layout_cave_shapes, grunt_pan_entry_sceptre,
          hell_entry, basic_altar
Depths:3: thingy_vault_2, layout_basic, hellmouth_1,
          abyss_entry_small_statue_room,
          nicolae_uskayaw_murder_on_the_dancefloor, grunt_ministairs_15,
          lemuel_freeze_loot_1
Depths:4: evilmike_zot_entry_round, layout_twisted_cross,
          pf_dread_powers_of_hell, serial_sigils_hangedman_confine, abyss_entry,
          ashenzari_conservatory_becter
Zot:1:    layout_cathedral_of_symmetry
Zot:2:    grunt_deathspiral_small, layout_concentric_octagons,
          regret_index_zotdec_gossamer_parallel, st_stairs_1
Zot:3:    kennysheep_bubbly, layout_basic, st_stairs_13
Zot:4:    ebering_greatest_show_in_zot, layout_twisted_circle
Zot:5:    layout_twisted_circle, drop_trap

Table legend: (Time is in decaauts)
 A = Elapsed time spent in this place.
 B = Non-inter-level travel time spent in this place.
 C = Inter-level travel time spent in this place.
 D = Time resting spent in this place.
 E = Time spent auto-exploring this place.
 F = Levels seen in this place.
 G = Mean time per level.
                   A        B        C        D        E       F      G
               +--------+--------+--------+--------+--------+-----+--------+
         Total |  50770 |  46578 |   4192 |   4572 |  29262 |  60 |  846.2 |
       Dungeon |  12653 |  11211 |   1442 |    641 |   8036 |  15 |  843.5 |
          Lair |   5157 |   4797 |    360 |    454 |   3008 |   5 | 1031.4 |
        Shoals |   2676 |   2560 |    116 |    251 |   1300 |   4 |  669.0 |
   Spider Nest |   4493 |   4269 |    224 |    816 |   2041 |   4 | 1123.2 |
    Slime Pits |   1952 |   1793 |    159 |    120 |   1225 |   5 |  390.4 |
  Orcish Mines |   1285 |   1182 |    103 |    103 |    800 |   2 |  642.5 |
        Vaults |   7641 |   6994 |    647 |    759 |   4474 |   5 | 1528.2 |
         Crypt |   2901 |   2780 |    121 |    212 |   1694 |   3 |  967.0 |
        Depths |   3709 |   3215 |    494 |    323 |   2097 |   4 |  927.2 |
           Zot |   5638 |   5115 |    523 |    349 |   3871 |   5 | 1127.6 |
         Abyss |   1404 |   1404 |      0 |    152 |    503 |   4 |  351.0 |
        Bazaar |     68 |     68 |      0 |      0 |     42 |   1 |   68.0 |
       Ossuary |    239 |    239 |      0 |      6 |     41 |   1 |  239.0 |
      Ice Cave |    664 |    664 |      0 |    311 |     69 |   1 |  664.0 |
       Volcano |    283 |    283 |      0 |     73 |     61 |   1 |  283.0 |
               +--------+--------+--------+--------+--------+-----+--------+

Top non-repeatable levels by time:
Vaults:3: 1692 daAuts
Depths:3: 1686 daAuts
Vaults:1: 1651 daAuts
Vaults:4: 1585 daAuts
    D:13: 1539 daAuts
  Lair:5: 1534 daAuts
Spider:3: 1527 daAuts
   Zot:2: 1477 daAuts
Vaults:2: 1411 daAuts
Vaults:5: 1300 daAuts
 Crypt:2: 1163 daAuts
  Lair:2: 1123 daAuts
   Zot:1: 1115 daAuts
    D:14: 1081 daAuts
   Zot:5: 1060 daAuts

Table legend:
 A = Kills in this place as a percentage of kills in the entire game.
 B = Kills by you in this place as a percentage of kills by you in the entire game.
 C = Kills by friends in this place as a percentage of kills by friends in the entire game.
 D = Other kills in this place as a percentage of other kills in the entire game.
 E = Experience gained in this place as a percentage of experience gained in the entire game.
 F = Experience gained in this place divided by the number of levels of this place that you have seen.
                   A       B       C       D       E      F
               +-------+-------+-------+-------+-------+----------------------
         Total | 100.0 | 100.0 | 100.0 | 100.0 | 100.0 | 27326.1
       Dungeon |  14.9 |  17.2 |   9.1 |  11.1 |   6.5 | 7092.1
          Lair |   8.2 |   6.8 |  11.7 |   0.0 |   3.8 | 12425.8
        Shoals |   4.2 |   3.8 |   5.1 |  11.1 |   3.9 | 15852.2
   Spider Nest |  11.5 |  10.1 |  15.0 |   0.0 |   8.1 | 33070.2
    Slime Pits |   5.7 |   4.5 |   8.7 |  11.1 |   5.2 | 17133.8
  Orcish Mines |   1.8 |   1.5 |   2.5 |  11.1 |   0.7 | 5630.0
        Vaults |  14.4 |  14.8 |  13.4 |  22.2 |  18.7 | 61312.6
         Crypt |  10.5 |  12.2 |   6.3 |   0.0 |  11.6 | 63422.0
        Depths |   8.6 |   7.9 |  10.1 |  22.2 |  12.4 | 50796.8
           Zot |   8.6 |  10.0 |   5.1 |  11.1 |  20.8 | 68367.0
         Abyss |   9.0 |   8.5 |  10.5 |   0.0 |   7.0 | 28620.0
       Ossuary |   0.6 |   0.9 |   0.0 |   0.0 |   0.0 | 154.0
      Ice Cave |   1.4 |   1.4 |   1.5 |   0.0 |   1.0 | 16745.0
       Volcano |   0.6 |   0.4 |   1.1 |   0.0 |   0.3 | 5205.0
               +-------+-------+-------+-------+-------+----------------------
